 Dungeon Crawl Stone Soup version 0.27-a0-1191-g601b473118 (webtiles) character file.

Game seed: 4108658329944160168

218 siradein the Slasher (level 5, -4/42 HPs)
             Began as a Minotaur Gladiator on May 24, 2021.
             Killed from afar by a steam dragon (10 damage)
             ... with a ball of steam
             ... on level 4 of the Dungeon.
             The game lasted 00:05:06 (3204 turns).

siradein the Slasher (Minotaur Gladiator)           Turns: 3204, Time: 00:05:06

Health: -4/42      AC:  6    Str: 20    XL:     5   Next: 63%
Magic:  4/4        EV: 11    Int:  5    God:
Gold:   121        SH:  0    Dex: 11    Spells: 4/4 levels left

rFire    . . .     SeeInvis .   a - +0 long sword
rCold    + . .     Faith    .   (no shield)
rNeg     . . .     Spirit   .   l - +0 ring mail
rPois    .         Reflect  .   c - +0 hat
rElec    .         Harm     .   (no cloak)
rCorr    .         Rampage  .   j - +0 pair of gloves
Will     .....                  (no boots)
Stlth    +.........             (no amulet)
HPRegen  0.14/turn              g - ring of protection from cold
MPRegen  0.09/turn              (no ring)

@: no status effects
A: horns 2, retaliatory headbutt
a: no special abilities


You were on level 4 of the Dungeon.
You visited 1 branch of the dungeon, and saw 4 of its levels.

You collected 121 gold pieces.

Inventory:

Hand Weapons
 a - a +0 long sword (weapon)
Missiles
 d - 3 throwing nets
 m - 11 poisoned darts (quivered)
Armour
 c - a +0 hat (worn)
 j - a +0 pair of gloves (worn)
 l - a +0 ring mail (worn)
Jewellery
 g - a ring of protection from cold (left hand)
Wands
 k - a wand of mindburst (15)
Scrolls
 b - 2 scrolls of enchant armour {unknown}
 e - 2 scrolls of noise {unknown}
 h - a scroll of blinking {unknown}
Potions
 f - 3 potions of heal wounds {unknown}
 i - a potion of haste


   Skills:
 - Level 2.4 Fighting
 + Level 7.7 Long Blades
 - Level 2.0 Throwing
 - Level 3.2 Dodging


You had 4 spell levels left.
You didn't know any spells.
Your spell library was empty.

Dungeon Overview and Level Annotations

Branches:
Dungeon (4/15)
 Temple: D:4-7

Altars:

Shops:
D:4 *


Innate Abilities, Weirdness & Mutations

You have a pair of horns on your head.
You reflexively headbutt those who attack you in melee.


Message History

The goblin barely misses you.
Found an agate ring and 11 gold pieces.
You slash the goblin!
You kill the goblin!
The steam dragon breathes steam at you.
The ball of steam hits the dart slug!
The dart slug dies!
The ball of steam hits you! The ball python barely misses you.
You riposte.
You hit the ball python.
You kill the ball python!
A hobgoblin comes into view.
The hobgoblin shouts!
The steam dragon breathes steam at you. The ball of steam hits you!
* * * LOW HITPOINT WARNING * * *
The hobgoblin moves out of view.
Found a ring mail.
You barely miss the steam dragon. You headbutt the steam dragon!
The steam dragon is moderately wounded.
The steam dragon barely misses you. The steam dragon closely misses you.
The steam dragon closely misses you. The steam dragon claws you.
* * * LOW HITPOINT WARNING * * *
You closely miss the steam dragon.
The steam dragon is moderately wounded.
The steam dragon completely misses you.
You riposte.
You closely miss the steam dragon. Your headbutt misses the steam dragon.
The steam dragon is moderately wounded.
The steam dragon claws you but does no damage.
You hit the steam dragon. Your headbutt misses the steam dragon.
The steam dragon is moderately wounded.
The hobgoblin closely misses you.
You riposte.
You slash the hobgoblin!
You kill the hobgoblin!
The steam dragon closely misses you. The steam dragon claws you.
* * * LOW HITPOINT WARNING * * *
You hit the steam dragon.
You headbutt the steam dragon, but do no damage.
The steam dragon is heavily wounded.
The steam dragon breathes steam at you. The ball of steam hits you!
You die...

.........#.......#
##.....####.##'########
###########.##..#....=.
. ................ #
.(......)....... #
......†.....#####
...........†#...#
.......?..D#.$.#
..<.......@†#...
............####
.####.####.... ##
#...... .....##.#
...... # ....[##
......#


You could see a steam dragon (catching breath).

Vanquished Creatures
  A scorpion (D:3)
  A hound (D:4)
  A bullfrog skeleton (D:4)
  Robin (D:3)
  A gnoll (D:1)
  An adder (D:2)
  2 worms (D:2)
  3 dart slugs
  An orc (D:3)
  4 endoplasms
  A giant cockroach (D:2)
  5 hobgoblins
  2 jackals (D:1)
  5 quokkas
  6 ball pythons
  4 bats
  6 frilled lizards
  9 goblins
  5 kobolds
  4 rats
63 creatures vanquished.

Vanquished Creatures (others)
  A dart slug (D:4)
1 creature vanquished.

Grand Total: 64 creatures vanquished

Notes
Turn   | Place    | Note
-------+----------+-------------------------------------------
     0 | D:1      | siradein the Minotaur Gladiator began the quest for the
                  | Orb.
     0 | D:1      | Reached XP level 1. HP: 18/18 MP: 0/0
    35 | D:1      | Reached skill level 4 in Long Blades
   110 | D:1      | Reached XP level 2. HP: 20/25 MP: 1/1
   386 | D:1      | Found a faded altar of an unknown god.
   573 | D:1      | Reached skill level 5 in Long Blades
   677 | D:1      | Reached XP level 3. HP: 30/30 MP: 2/2
  2098 | D:3      | Reached XP level 4. HP: 32/37 MP: 3/3
  2146 | D:3      | Reached skill level 6 in Long Blades
  2182 | D:3      | Noticed Robin
  2199 | D:3      | Killed Robin
  2430 | D:3      | Noticed a scorpion
  2440 | D:3      | Killed a scorpion
  2441 | D:3      | Reached skill level 7 in Long Blades
  2441 | D:3      | Reached XP level 5. HP: 16/42 MP: 4/4
  2923 | D:3      | Noticed an orc warrior
  3166 | D:4      | Found Muren's Assorted Antiques.
  3194 | D:4      | Noticed a steam dragon
  3204 | D:4      | Killed from afar by a steam dragon

Illustrated notes

Levels and vault maps discovered:
D:1:      minmay_arrival_doors, layout_loops_ring, basic_ecumenical_altar,
          minmay_misc_feat_tiny
D:2:      layout_basic
D:3:      cheibrodos_helix_gallery, layout_basic, uniq_robin
D:4:      layout_gridville, nicolae_qazlal_scattered_showers, serial_shops,
          shop, minmay_distorted, uniq_duvessa, uniq_eustachio

Skill      XL: |  1  2  3  4 |
---------------+-------------+-----
Long Blades    | 4 5 7 |  7.7
Fighting       | |  2.4
Throwing       | |  2.0
Dodging        | |  3.2

Action                   |  1- 3 |  4- 6 || total
-------------------------+-------+-------++-------
Melee: Long sword        |    74 |    53 ||   127
       Headbutt          |    11 |     9 ||    20
Armor: Leather armour    |    12 |       ||    12
       Ring mail         |     5 |    19 ||    24
Dodge: Dodged            |    47 |    45 ||    92
       Rpst.: Long sword |    10 |    12 ||    22

Table legend: (Time is in decaauts)
 A = Elapsed time spent in this place.
 B = Non-inter-level travel time spent in this place.
 C = Inter-level travel time spent in this place.
 D = Time resting spent in this place.
 E = Time spent auto-exploring this place.
 F = Levels seen in this place.
 G = Mean time per level.
                   A        B        C        D        E       F      G
               +--------+--------+--------+--------+--------+-----+--------+
         Total |   3217 |   3172 |     45 |    414 |   2402 |   4 |  804.2 |
       Dungeon |   3217 |   3172 |     45 |    414 |   2402 |   4 |  804.2 |
               +--------+--------+--------+--------+--------+-----+--------+

Top non-repeatable levels by time:
     D:2: 1116 daAuts
     D:1: 942 daAuts
     D:3: 904 daAuts
     D:4: 255 daAuts
